[Event "Titled Tuesday Blitz August 16 Late 2022"]
[White "Martinez Reyes, Pedro Ramon"]
[Black "Leitao, Rafael"]
[WhiteFideId "3901807"]
[BlackFideId "2101246"]
[WhiteElo "2327"]
[BlackElo "2609"]
[Result "1-0"]
[Round "01"]
[TimeControl "180+1"]
[Date "2022.08.18"]
[WhiteClock "0:00:00"]
[BlackClock "0:00:00"]

1. e4 c5 2. Nf3 d6 3. d4 cxd4 4. Nxd4 Nf6 5. Nc3 Nc6 6. Nxc6 bxc6 7. Bc4 e6 8. O-O Be7 9. Bb3 O-O 10. Re1 d5 11. Bf4 Bb7 12. e5 Nd7 13. Qg4 Re8 14. Rad1 Nc5 15. Re3 f5 16. exf6 Bxf6 17. Be5 Bxe5 18. Rxe5 Qf6 19. Rde1 Rf8 20. f3 Rae8 21. Qd4 Nd7 22. Qxa7 Nxe5 23. Qxb7 Qg5 24. Kh1 c5 25. Qc7 Ng6 26. Qxc5 Nf4 27. Qf2 Rf6 28. Qg3 Qf5 29. Nxd5 Nxd5 30. Re5 Qf4 31. Bxd5 Qc1+ 32. Re1 Qxc2 33. Bb3 Qxb2 34. Qh3 Qc3 35. Rf1 Qc7 36. Qg4 Rg6 37. Qe4 Rh6 38. h3 Rf6 39. Re1 h6 40. Qe5 Qe7 41. Qe4 Kh8 42. Bc4 e5 43. Bd3 g6 44. Qe3 Kg7 45. Be4 Ra6 46. Rb1 Rd8 47. Rb7 Rd7 48. Rb1 Rxa2 49. Qb6 Rd6 50. Qb8 Rad2 51. Qc8 Rd8 52. Qc6 Rd1+ 53. Rxd1 Rxd1+ 54. Kh2 Rd7 55. Qxg6+ Kf8 56. Qf5+ Kg7 57. Qg6+ Kf8 58. Qxh6+ Qg7 59. Qe6 Qf7 60. Qh6+ Qg7 61. Qe6 Qf7 62. Qg4 Qg7 63. h4 Qxg4 64. fxg4 Rd4 65. Bf5 Rf4 66. g3 Rf2+ 67. Kg1 Rb2 68. h5 Kg7 69. g5 Re2 70. h6+ Kf7 71. g6+ Kf6 72. g7 Kf7 73. Be6+ Kxe6 74. g8=Q+ Kf5 75. h7 Ke4 76. Qg6+ Kf3 77. Qf5+ Kxg3 78. Qg5+ Kf3 79. Qh5+ 1-0


[Site "https://www.chess.com"]

[Event "Titled Tuesday Blitz August 16 Late 2022"]
[White "Martinez, Shawn"]
[Black "Solon, Nathan"]
[WhiteFideId "2039770"]
[BlackFideId "2017229"]
[WhiteElo "2174"]
[BlackElo "2306"]
[Result "0-1"]
[Round "01"]
[TimeControl "180+1"]
[Date "2022.08.18"]
[WhiteClock "0:00:00"]
[BlackClock "0:00:00"]

1. e4 c6 2. d4 d5 3. exd5 cxd5 4. Nf3 Nc6 5. Ne5 e6 6. Bb5 Bd7 7. Nxd7 Qxd7 8. O-O a6 9. Ba4 b5 10. Bb3 Bd6 11. c3 Nf6 12. Nd2 O-O 13. Nf3 Ne4 14. Bc2 f5 15. Re1 Rac8 16. h3 Kh8 17. Nd2 b4 18. Bxe4 fxe4 19. Nf1 bxc3 20. bxc3 Na5 21. Bd2 Nc4 22. Ne3 Nb2 23. Qb3 Nd3 24. Re2 Nf4 25. Ree1 Nd3 26. Re2 Rb8 27. Qd1 Qf7 28. Be1 Qg6 29. g3 Nf4 30. Rc2 Nxh3+ 31. Kg2 Nf4+ 32. Kg1 Nd3 33. c4 Rf3 34. cxd5 Bxg3 35. fxg3 Rxe3 36. d6 Rxe1+ 37. Qxe1 Nxe1 38. Rxe1 Qxg3+ 39. Kf1 Rf8+ 40. Ke2 Qd3# 0-1


[Site "https://www.chess.com"]

[Event "Titled Tuesday Blitz August 16 Late 2022"]
[White "Mcconnell, Sullivan"]
[Black "Gallana, Marco"]
[WhiteFideId "30934885"]
[BlackFideId "824542"]
[WhiteElo "1985"]
[BlackElo "2290"]
[Result "1-0"]
[Round "01"]
[TimeControl "180+1"]
[Date "2022.08.18"]
[WhiteClock "0:00:00"]
[BlackClock "0:00:00"]

1. e4 c5 2. Nc3 Nc6 3. Bb5 Nd4 4. Bc4 Nf6 5. Nge2 e6 6. O-O Nc6 7. d4 cxd4 8. Nxd4 a6 9. Nxc6 bxc6 10. e5 Nd5 11. Ne4 Qc7 12. f4 Be7 13. Kh1 O-O 14. Bd3 f5 15. Nf2 Qb6 16. Qe2 a5 17. a3 Bc5 18. Nd1 Ba6 19. c4 Ne7 20. Be3 Rab8 21. Bxc5 Qxc5 22. Qf2 Qxf2 23. Rxf2 c5 24. Nc3 Nc6 25. Na4 Nd4 26. Nxc5 Bb7 27. Nxd7 Rfd8 28. Nxb8 Rxb8 29. Rd1 Nb3 30. Bc2 Nc5 31. b4 axb4 32. axb4 Ne4 33. Bxe4 Bxe4 34. Rb2 h5 35. h3 h4 36. b5 Ra8 37. Rc1 Ra3 38. Kh2 1-0


[Site "https://www.chess.com"]

[Event "Titled Tuesday Blitz August 16 Late 2022"]
[White "Mendez Fortes, Eduardo Jesus"]
[Black "Eljanov, Pavel"]
[WhiteFideId "3502376"]
[BlackFideId "14102951"]
[WhiteElo "2307"]
[BlackElo "2601"]
[Result "1-0"]
[Round "01"]
[TimeControl "180+1"]
[Date "2022.08.18"]
[WhiteClock "0:00:00"]
[BlackClock "0:00:00"]

1. e4 c6 2. d4 d5 3. Nc3 dxe4 4. Nxe4 Nf6 5. Nxf6+ exf6 6. c3 Bd6 7. Bd3 O-O 8. Qc2 Re8+ 9. Ne2 h5 10. O-O h4 11. h3 Nd7 12. Be3 Nf8 13. c4 Bb8 14. Qd2 Qc7 15. f4 Ng6 16. Rae1 Ne7 17. Nc3 Nf5 18. Qf2 Nxe3 19. Rxe3 Rxe3 20. Qxe3 Qd8 21. Re1 Bd7 22. Ne4 Bc7 23. Nc5 b6 24. Nxd7 Qxd7 25. Qe4 g6 26. d5 Rd8 27. f5 g5 28. Qe7 Bg3 29. Qxd7 Rxd7 30. Re8+ Kg7 31. Be4 b5 32. b3 bxc4 33. bxc4 cxd5 34. Bxd5 Bd6 35. Kf1 Rc7 36. Rd8 Bc5 37. Ke2 Re7+ 38. Kd2 a5 39. Rc8 Bd6 40. Kd3 a4 41. c5 Bf4 42. c6 Re3+ 43. Kc4 Re2 44. Kb5 Rd2 45. Bc4 a3 46. c7 Bxc7 47. Rxc7 g4 48. Rxf7+ Kh6 49. hxg4 Rxg2 50. Rxf6+ Kg5 51. Rg6+ Kf4 52. Bd5 h3 53. f6 Rd2 54. Kc6 Rc2+ 55. Kd6 h2 56. f7 Rc8 57. Rg8 h1=Q 58. Bxh1 1-0


[Site "https://www.chess.com"]

[Event "Titled Tuesday Blitz August 16 Late 2022"]
[White "Mickiewicz, Piotr"]
[Black "Tarigan, Gilbert Elroy"]
[WhiteFideId "1114891"]
[BlackFideId "7108133"]
[WhiteElo "2266"]
[BlackElo "1908"]
[Result "1/2-1/2"]
[Round "01"]
[TimeControl "180+1"]
[Date "2022.08.18"]
[WhiteClock "0:00:00"]
[BlackClock "0:00:00"]

1. e4 c6 2. Nc3 d5 3. Nf3 Bg4 4. h3 Bxf3 5. Qxf3 e6 6. g3 Nd7 7. Bg2 Ngf6 8. O-O Bc5 9. d3 O-O 10. Qe2 dxe4 11. dxe4 e5 12. Be3 Bxe3 13. Qxe3 Qb6 14. Qxb6 Nxb6 15. b3 a5 16. a4 Rfd8 17. Rfd1 Kf8 18. f4 Nfd7 19. Kf2 Ke7 20. Ke3 f6 21. h4 Nc5 22. Bh3 h6 23. h5 Na6 24. Na2 Rab8 25. Bf5 Na8 26. Rac1 N8c7 27. Nc3 Nb4 28. Rxd8 Rxd8 29. Ne2 Nba6 30. Ng1 b5 31. axb5 cxb5 32. Ra1 Nb4 33. Rxa5 Nxc2+ 34. Kf3 Nd4+ 35. Kg4 Nc6 36. Ra2 Rd3 37. Nf3 Kd6 38. Rc2 Rxb3 39. Rd2+ Kc5 40. Rd7 Ne8 41. Bg6 Nd6 42. Rxg7 b4 43. fxe5 fxe5 44. Rc7 Rxf3 45. Kxf3 b3 46. Bf7 Nxf7 47. Rb7 Nb4 48. Rc7+ Kb5 49. Rb7+ Kc4 50. Rc7+ Kd3 51. Rd7+ Kc2 52. Rc7+ Kd2 53. Rd7+ Nd3 54. Rxf7 b2 55. Rb7 Kc3 56. Rxb2 Kxb2 57. Kg4 Kc3 58. Kf5 Kd4 59. g4 Nf4 60. g5 hxg5 61. Kxg5 Ne6+ 62. Kf6 Nf8 63. Kg7 Ne6+ 64. Kf6 Nf8 65. Kg7 Ne6+ 66. Kf6 1/2-1/2


[Site "https://www.chess.com"]

[Event "Titled Tuesday Blitz August 16 Late 2022"]
[White "Mikhailov, Viacheslav"]
[Black "Semenenko, Dmytry"]
[WhiteFideId "4187369"]
[BlackFideId "14118645"]
[WhiteElo "2428"]
[BlackElo "2113"]
[Result "1-0"]
[Round "01"]
[TimeControl "180+1"]
[Date "2022.08.18"]
[WhiteClock "0:00:00"]
[BlackClock "0:00:00"]

1. Nf3 d5 2. g3 c6 3. Bg2 Nf6 4. O-O g6 5. c4 Bg7 6. cxd5 cxd5 7. d3 Nc6 8. Nc3 O-O 9. Bf4 Nh5 10. Bd2 Nf6 11. Rc1 e5 12. Bg5 Be6 13. Nd2 h6 14. Bxf6 Bxf6 15. e4 d4 16. Nd5 Bxd5 17. exd5 Nb4 18. Qb3 Qd6 19. Nc4 Qc5 20. Nxe5 Qa5 21. Nd7 1-0


[Site "https://www.chess.com"]

[Event "Titled Tuesday Blitz August 16 Late 2022"]
[White "Naroditsky, Daniel"]
[Black "Bobadilla Viera, Jorge Samuel"]
[WhiteFideId "2026961"]
[BlackFideId "3906353"]
[WhiteElo "2628"]
[BlackElo "2202"]
[Result "1-0"]
[Round "01"]
[TimeControl "180+1"]
[Date "2022.08.16"]
[WhiteClock "0:00:42"]
[BlackClock "0:01:04"]

1. e4 c5 2. Nf3 d6 3. Bb5+ Nd7 4. O-O a6 5. Bd3 Ngf6 6. Re1 g6 7. c3 Bg7 8. Bc2 O-O 9. d4 e5 10. a4 Qc7 11. d5 h6 12. Nbd2 b6 13. Nf1 Nh5 14. Ne3 Ndf6 15. g3 Rb8 16. Nh4 Bd7 17. Bd2 Rfc8 18. Ra3 Ra8 19. Qa1 Qd8 20. c4 Nh7 21. Bd1 Nf4 22. gxf4 Qxh4 23. Ng2 Qe7 24. fxe5 Qxe5 25. Bc3 Qe7 26. Bxg7 Kxg7 27. Rae3 f6 28. f4 Re8 29. b3 Qf7 30. Bc2 Kg8 31. h4 Kh8 32. e5 fxe5 33. fxe5 dxe5 34. Rxe5 Qf6 35. Bxg6 Rg8 36. Bxh7 Rxg2+ 37. Kxg2 Bh3+ 38. Kg3 Qg7+ 39. Kxh3 Rf8 40. Rf5 Kxh7 41. Qxg7+ 1-0


[Site "https://www.chess.com"]

[Event "Titled Tuesday Blitz August 16 Late 2022"]
[White "Olenik Campa, Rudi"]
[Black "Zou, Chen"]
[WhiteFideId "14633264"]
[BlackFideId "8610959"]
[WhiteElo "2008"]
[BlackElo "2276"]
[Result "0-1"]
[Round "01"]
[TimeControl "180+1"]
[Date "2022.08.18"]
[WhiteClock "0:00:00"]
[BlackClock "0:00:00"]

1. e4 c5 2. Nf3 d6 3. d4 cxd4 4. Nxd4 Nf6 5. f3 e5 6. Nb3 Be7 7. c4 O-O 8. Be3 a5 9. Nc3 a4 10. Nd2 a3 11. b4 Nc6 12. Rb1 Nh5 13. Nd5 Bg5 14. Bb6 Qd7 15. Bf2 Rb8 16. h4 Bd8 17. g3 Qe8 18. Qb3 Kh8 19. Qxa3 f5 20. Be2 Nd4 21. Qa7 Nc6 22. Qa3 Be6 23. exf5 Bxf5 24. Ne4 Qg6 25. Qd3 Nd4 26. g4 Bxe4 27. Qxe4 Nc2+ 28. Kf1 Ng3+ 0-1


[Site "https://www.chess.com"]

[Event "Titled Tuesday Blitz August 16 Late 2022"]
[White "Ozdemir, Serhan Berat"]
[Black "Yanchenko, Roman"]
[WhiteFideId "6374611"]
[BlackFideId "4137329"]
[WhiteElo "1920"]
[BlackElo "2514"]
[Result "0-1"]
[Round "01"]
[TimeControl "180+1"]
[Date "2022.08.16"]
[WhiteClock "0:00:01"]
[BlackClock "0:01:34"]

1. e4 e6 2. d4 d5 3. Nd2 c5 4. exd5 exd5 5. Ngf3 Nc6 6. Bb5 c4 7. O-O Bd6 8. b3 cxb3 9. axb3 Ne7 10. c4 O-O 11. Bb2 Bf5 12. Re1 a6 13. Bxc6 Nxc6 14. Nf1 Nb4 15. Ne3 Be4 16. Ba3 Re8 17. Nd2 Nd3 18. Bxd6 Nxe1 19. Nxe4 dxe4 20. c5 Nd3 21. Qg4 Qf6 22. Rf1 Qxd4 23. Nf5 Qf6 24. h4 g6 25. Ne3 Qe6 26. Qg5 b6 27. Ng4 bxc5 28. Nf6+ Kg7 29. Nh5+ Kh8 30. Nf6 Qxd6 31. f4 Re6 0-1


[Site "https://www.chess.com"]

[Event "Titled Tuesday Blitz August 16 Late 2022"]
[White "Pakleza, Zbigniew"]
[Black "Petrovic, Aleksa"]
[WhiteFideId "1119290"]
[BlackFideId "967629"]
[WhiteElo "2411"]
[BlackElo "2262"]
[Result "1-0"]
[Round "01"]
[TimeControl "180+1"]
[Date "2022.08.18"]
[WhiteClock "0:00:00"]
[BlackClock "0:00:00"]

1. d4 e6 2. Nf3 c5 3. c3 Nf6 4. Bf4 b6 5. e3 Bb7 6. Nbd2 Be7 7. h3 O-O 8. Bd3 Nc6 9. O-O cxd4 10. cxd4 Nb4 11. Be2 Ne4 12. Nxe4 Bxe4 13. a3 Nd5 14. Bh2 Rc8 15. Ba6 Rc6 16. Nd2 Bg6 17. Bb7 Rc2 18. e4 Rxd2 19. Qxd2 Bxe4 20. Rfe1 Bf5 21. Bxd5 exd5 22. Rac1 d6 23. Bf4 Qd7 24. Qc3 Be4 25. Qg3 Qe6 26. f3 1-0


[Site "https://www.chess.com"]

[Event "Titled Tuesday Blitz August 16 Late 2022"]
[White "Pham, Khoi"]
[Black "Goryachkina, Aleksandra"]
[WhiteFideId "1054988"]
[BlackFideId "4147103"]
[WhiteElo "2376"]
[BlackElo "2426"]
[Result "0-1"]
[Round "01"]
[TimeControl "180+1"]
[Date "2022.08.18"]
[WhiteClock "0:00:00"]
[BlackClock "0:00:00"]

1. e4 e6 2. d4 d5 3. e5 c5 4. c3 Nc6 5. Nf3 Nge7 6. Be2 Nf5 7. dxc5 Bxc5 8. b4 Bb6 9. O-O O-O 10. a4 a5 11. b5 Nb8 12. Ba3 Re8 13. Nbd2 Nd7 14. Re1 Nc5 15. Nd4 Bd7 16. N2f3 Rc8 17. Bf1 Ne4 18. c4 Nxd4 19. Nxd4 Qh4 20. g3 Nxg3 21. hxg3 Qxd4 22. Qxd4 Bxd4 23. Rad1 Bb6 24. cxd5 exd5 25. Rxd5 Be6 26. Rd6 Bc7 27. Rd2 Bb3 28. f4 Bxa4 29. Kg2 Bb3 30. Rd7 a4 31. Rc1 Ba5 32. Rxc8 Rxc8 33. Be2 Be6 34. Re7 h6 35. Bf3 b6 36. Ra7 g6 37. Be7 Re8 38. Bf6 a3 39. Bc6 Rb8 40. Bd7 a2 41. Bxe6 fxe6 42. Rg7+ Kf8 43. Rh7 a1=Q 44. Rh8+ Kf7 45. Rh7+ Ke8 46. Rh8+ Kd7 47. Rxb8 Qb2+ 48. Kh3 Qxb5 49. Rb7+ Kc8 50. Rg7 Qf1+ 51. Kh2 Qe2+ 52. Kh3 Qd3 53. Re7 b5 54. Kh4 Qf5 55. g4 Qxf4 56. Rxe6 Qh2# 0-1


[Site "https://www.chess.com"]

[Event "Titled Tuesday Blitz August 16 Late 2022"]
[White "Pichot, Alan"]
[Black "Toncheva, Nadya"]
[WhiteFideId "110973"]
[BlackFideId "2924056"]
[WhiteElo "2578"]
[BlackElo "1888"]
[Result "1-0"]
[Round "01"]
[TimeControl "180+1"]
[Date "2022.08.16"]
[WhiteClock "0:00:06"]
[BlackClock "0:00:05"]

1. d4 Nf6 2. Nf3 e6 3. Bf4 c5 4. e3 d5 5. Nbd2 Bd6 6. c3 Qc7 7. Ne5 Nc6 8. Ndf3 Nd7 9. Nd3 cxd4 10. Bxd6 Qxd6 11. exd4 O-O 12. Be2 b5 13. O-O b4 14. Rc1 Ba6 15. Qa4 Bxd3 16. Bxd3 Nb6 17. Qc2 h6 18. Qe2 bxc3 19. Rxc3 Rac8 20. Ba6 Rb8 21. Bb5 Rfc8 22. Rfc1 Ne7 23. a4 Qb4 24. Qc2 Nf5 25. Rd1 Nd6 26. Ne5 Nxb5 27. axb5 Qxb5 28. Rc7 Qa4 29. b3 Qe8 30. h3 a5 31. Ra1 Rxc7 32. Qxc7 a4 33. bxa4 Nxa4 34. Rxa4 Rb1+ 35. Kh2 Qxa4 36. Qxf7+ Kh8 37. Ng6+ Kh7 38. Ne7 Rh1+ 39. Kxh1 1-0


[Site "https://www.chess.com"]

[Event "Titled Tuesday Blitz August 16 Late 2022"]
[White "Pinheiro, Iung Alicio de O."]
[Black "Buchenau, Frank"]
[WhiteFideId "2104350"]
[BlackFideId "4604350"]
[WhiteElo "2283"]
[BlackElo "2157"]
[Result "0-1"]
[Round "01"]
[TimeControl "180+1"]
[Date "2022.08.18"]
[WhiteClock "0:00:00"]
[BlackClock "0:00:00"]

1. e4 e6 2. d4 d5 3. e5 c5 4. c3 Qb6 5. Nf3 Bd7 6. Bd3 cxd4 7. Nxd4 Bc5 8. O-O Ne7 9. Nf3 Ng6 10. b4 Be7 11. a4 Nc6 12. Re1 O-O 13. a5 Qc7 14. Qe2 d4 15. b5 Nxa5 16. Nxd4 Rac8 17. h4 Nxh4 18. g3 Nf5 19. Bf4 Nxd4 20. cxd4 Nb3 21. Ra4 a6 22. Rc4 Qa5 23. Rxc8 Rxc8 24. Nd2 Nxd2 25. Bxd2 Bb4 26. Bxb4 Qxb4 27. bxa6 bxa6 28. Bxa6 Rc3 29. Bd3 Rxd3 30. Ra1 Ra3 31. Rc1 h6 32. d5 exd5 33. Rc7 Be6 34. Qc2 Ra1+ 35. Kg2 Qe4+ 36. Qxe4 dxe4 37. g4 Ra5 38. Kg3 Rxe5 39. Kf4 Rg5 40. Kxe4 Rxg4+ 41. Ke3 h5 42. f3 Rg3 43. Kf2 h4 44. Rb7 Rg6 45. Rb4 Rh6 46. Kg2 h3+ 47. Kh2 Rg6 48. Rb8+ Kh7 49. Rb4 Rg2+ 50. Kh1 Kg6 51. Rb6 Kg5 52. Rb5+ Kh4 53. Rb4+ Kg3 54. Rb3 Re2 55. f4+ Kh4 56. Rb1 Bd5+ 57. Kg1 h2+ 58. Kf1 h1=Q+ 59. Kxe2 Qxb1 60. f5 Qe4+ 61. Kf2 Qxf5+ 62. Ke1 Qc2 63. Kf1 Kg3 64. Ke1 Kf3 0-1


[Site "https://www.chess.com"]

[Event "Titled Tuesday Blitz August 16 Late 2022"]
[White "Poltorak, Sebastian"]
[Black "Michalski, Olaf"]
[WhiteFideId "1199498"]
[BlackFideId "1106740"]
[WhiteElo "2102"]
[BlackElo "1937"]
[Result "0-1"]
[Round "01"]
[TimeControl "180+1"]
[Date "2022.08.18"]
[WhiteClock "0:00:00"]
[BlackClock "0:00:00"]

1. d4 d6 2. Nc3 g6 3. e4 Bg7 4. Nge2 Nd7 5. g3 e5 6. Bg2 Ne7 7. O-O O-O 8. Be3 c6 9. a4 f5 10. Qd2 fxe4 11. Nxe4 Nf5 12. Bg5 Qc7 13. dxe5 d5 14. Nd6 Nxd6 15. exd6 Qxd6 16. c4 d4 17. Rad1 c5 18. Bd5+ Kh8 19. Nf4 Ne5 20. Bh4 h6 21. Kh1 g5 22. Ng2 Bh3 23. Bxg5 hxg5 24. Qxg5 Qh6 25. Qxh6+ Bxh6 26. f4 Ng4 27. Rfe1 Bxg2+ 28. Bxg2 Ne3 29. Rd2 Rac8 30. Rde2 b6 31. Bd5 a5 32. Bf3 Bg7 33. b3 Bf6 34. h3 Kg7 35. Kh2 Rh8 36. g4 Bh4 37. Rg1 Rcf8 38. f5 Kf6 39. Be4 Bg5 40. Kg3 Bh4+ 41. Kf3 Bg5 42. Rh1 Rh4 43. Bd3 Rfh8 44. Kg3 Ke5 45. Rf2 Bf6 46. Rf3 Rxg4+ 47. hxg4 Rxh1 48. Rf2 Bh4+ 49. Kf3 Bxf2 50. Kxf2 Rh4 51. Kf3 Rxg4 52. f6 Rf4+ 53. Kg3 Rxf6 54. Be2 Rf8 55. Bd3 Nd1 56. Be2 Nb2 57. Bd3 Nxd3 58. b4 Ke4 59. Kg2 Rf4 60. b5 Ke3 61. Kg3 Rf1 62. Kg2 Rf3 63. Kh2 Nf4 64. Kg1 Ke2 65. Kh2 Ke3 66. Kh1 Rf2 67. Kg1 Kf3 68. Kh1 Kg3 69. Kg1 Ne6 70. Kh1 Rf1# 0-1


[Site "https://www.chess.com"]

[Event "Titled Tuesday Blitz August 16 Late 2022"]
[White "Potapova, Margarita"]
[Black "Nakamura, Hikaru"]
[WhiteFideId "14126869"]
[BlackFideId "2016192"]
[WhiteElo "2225"]
[BlackElo "2850"]
[Result "0-1"]
[Round "01"]
[TimeControl "180+1"]
[Date "2022.08.16"]
[WhiteClock "0:00:07"]
[BlackClock "0:00:15"]

1. d4 f5 2. e4 fxe4 3. Nc3 Nf6 4. Bg5 Nc6 5. d5 Ne5 6. Qe2 Nf7 7. h4 c6 8. O-O-O Qa5 9. Bxf6 gxf6 10. Qxe4 Bg7 11. Kb1 f5 12. Qxf5 Bxc3 13. bxc3 Qxc3 14. Rh3 Qb4+ 15. Rb3 Qxh4 16. Nf3 Qf6 17. Qh5 Kd8 18. dxc6 bxc6 19. Nd4 Nd6 20. Rf3 Rb8+ 21. Kc1 Qg6 22. Qe5 Rg8 23. Re3 Rg7 24. Rd2 Qh6 25. Rh3 Qg5 26. Qxg5 Rxg5 27. Rxh7 Rb6 28. Rh8+ Kc7 29. Rh7 Re5 30. Re2 Rd5 31. c3 e5 32. Ne6+ Kb8 33. Ng5 Rdb5 34. Kd2 Ba6 35. Ke3 Rb1 36. Rd2 Nf5+ 37. Ke4 d5+ 38. Kxf5 Rxf1 39. f3 e4 40. Nxe4 Bc8+ 41. Ke5 dxe4 42. Kxe4 Re1+ 43. Kf4 Re8 44. g4 Rf8+ 45. Kg3 Rb1 46. Rg2 Rf1 47. Rb2+ Ka8 48. f4 R1xf4 49. g5 Rg4+ 50. Kh2 Rxg5 51. c4 Rfg8 52. Rh4 Rg4 53. Rxg4 Rxg4 54. c5 Rc4 55. Rd2 Rxc5 56. Kg3 Kb7 57. Kf4 Rd5 58. Ke3 Rxd2 59. Kxd2 Be6 0-1


[Site "https://www.chess.com"]

[Event "Titled Tuesday Blitz August 16 Late 2022"]
[White "Prieto Aranguren, Alain"]
[Black "Kambrath, Yannick"]
[WhiteFideId "2268906"]
[BlackFideId "20632525"]
[WhiteElo "2247"]
[BlackElo "2401"]
[Result "0-1"]
[Round "01"]
[TimeControl "180+1"]
[Date "2022.08.18"]
[WhiteClock "0:00:00"]
[BlackClock "0:00:00"]

1. d4 d5 2. c4 dxc4 3. e3 Nf6 4. Bxc4 a6 5. Nf3 b5 6. Be2 Bb7 7. O-O e6 8. Nbd2 Nbd7 9. b3 Bd6 10. Bb2 O-O 11. Rc1 Qe7 12. Ne5 Rac8 13. Bf3 Bxf3 14. Qxf3 c5 15. Qb7 Nxe5 16. dxe5 Qxb7 0-1


[Site "https://www.chess.com"]

[Event "Titled Tuesday Blitz August 16 Late 2022"]
[White "Proudian, Armen"]
[Black "Melkumyan, Hrant"]
[WhiteFideId "2130734"]
[BlackFideId "13302485"]
[WhiteElo "2380"]
[BlackElo "2604"]
[Result "1-0"]
[Round "01"]
[TimeControl "180+1"]
[Date "2022.08.16"]
[WhiteClock "0:00:07"]
[BlackClock "0:00:01"]

1. e4 c5 2. Nf3 Nc6 3. d4 cxd4 4. Nxd4 g6 5. Be3 Nf6 6. Nc3 d6 7. Be2 Bg7 8. Nb3 O-O 9. f4 a5 10. a4 Be6 11. O-O Rc8 12. Nd4 Nxd4 13. Bxd4 Bc4 14. Rf2 Bxe2 15. Qxe2 Qc7 16. Nb5 Qc4 17. Bxf6 Bxf6 18. c3 Bg7 19. Qxc4 Rxc4 20. Re2 Rfc8 21. g3 Bf8 22. Kf2 e6 23. Kf3 h5 24. b3 R4c6 25. c4 Ra8 26. Rd1 Be7 27. Red2 Raa6 28. h3 Rab6 29. g4 Rc5 30. Rd3 Kg7 31. Rg1 hxg4+ 32. hxg4 Rc8 33. Rh1 Rh8 34. Rxh8 Kxh8 35. e5 dxe5 36. Rd7 e4+ 37. Kxe4 f5+ 38. Kf3 Bb4 39. g5 Kg8 40. Ke3 Kf8 41. Kd4 Kg8 42. Ke5 Bf8 43. Kf6 Rc6 44. Kxg6 b6 45. Kf6 Bc5 46. g6 Bf8 47. g7 e5+ 48. Kxf5 Bxg7 49. fxe5 Rh6 50. Re7 Rh5+ 51. Ke4 Rh3 52. Kd5 Rd3+ 53. Kc6 Rxb3 54. Kxb6 Rb4 55. c5 Bf8 56. Rd7 Bxc5+ 57. Kxc5 Rxa4 58. e6 Re4 59. Nd4 a4 60. Kd5 Re1 61. Ra7 Ra1 62. Nf5 Rd1+ 63. Ke5 Rd7 64. exd7 1-0


[Site "https://www.chess.com"]

[Event "Titled Tuesday Blitz August 16 Late 2022"]
[White "Przybylski, Wojciech"]
[Black "Ghaem Maghami, Ehsan"]
[WhiteFideId "1117599"]
[BlackFideId "12500739"]
[WhiteElo "2133"]
[BlackElo "2593"]
[Result "0-1"]
[Round "01"]
[TimeControl "180+1"]
[Date "2022.08.16"]
[WhiteClock "0:00:01"]
[BlackClock "0:00:46"]

1. e4 c6 2. d4 d5 3. e5 Bf5 4. Nf3 e6 5. Be2 Nd7 6. O-O Rc8 7. c3 c5 8. Be3 a6 9. a4 Ne7 10. Nbd2 Nc6 11. Nb3 cxd4 12. Nbxd4 Bg4 13. Bf4 Qb6 14. Nxc6 bxc6 15. b4 Be7 16. a5 Qb7 17. Qd3 Ra8 18. Nd4 Bxe2 19. Qxe2 O-O 20. Qg4 Rfe8 21. Rab1 Bf8 22. h4 Qc7 23. Nf3 c5 24. Rfc1 Rac8 25. c4 dxc4 26. Rxc4 Qb7 27. Bd2 cxb4 28. Rf4 b3 29. Ng5 Nxe5 30. Qh5 h6 31. Ne4 Ng6 32. Rg4 Qd5 33. Bg5 Rc4 34. Nf6+ gxf6 35. Rxc4 Qxc4 36. Bxf6 Qc2 37. Re1 b2 0-1


[Site "https://www.chess.com"]

[Event "Titled Tuesday Blitz August 16 Late 2022"]
[White "Putnam, Liam"]
[Black "Oparin, Grigoriy"]
[WhiteFideId "30938279"]
[BlackFideId "24125890"]
[WhiteElo "2035"]
[BlackElo "2639"]
[Result "0-1"]
[Round "01"]
[TimeControl "180+1"]
[Date "2022.08.16"]
[WhiteClock "0:00:04"]
[BlackClock "0:00:28"]

1. d4 f5 2. e4 fxe4 3. Nc3 Nf6 4. Bg5 g6 5. h4 d5 6. h5 Bg4 7. Be2 Bxe2 8. Qxe2 Rg8 9. Bxf6 exf6 10. Qb5+ Nc6 11. Qxb7 Ne7 12. Nb5 Kf7 13. hxg6+ hxg6 14. O-O-O c6 15. Nxa7 Qb8 16. Rh7+ Bg7 17. Qxe7+ Kxe7 18. Nxc6+ Ke6 19. Nxb8 Raxb8 20. Ne2 g5 21. g4 f5 22. gxf5+ Kxf5 23. Ng3+ Kg6 24. Rh5 Rgf8 25. Rh2 Rf3 26. Rd2 e3 27. Re2 Bxd4 28. c3 Be5 29. Rg2 Bf4 30. Kc2 d4 31. cxd4 Rc8+ 32. Kd3 exf2+ 33. Ke4 Bxg3 34. Kxf3 f1=Q+ 35. Kxg3 Qf4+ 36. Kh3 Qh4# 0-1


[Site "https://www.chess.com"]

[Event "Titled Tuesday Blitz August 16 Late 2022"]
[White "Quispe Santacruz, Javier"]
[Black "Do Nascimento,Christian Almeida"]
[WhiteFideId "3800920"]
[BlackFideId "2143801"]
[WhiteElo "1811"]
[BlackElo "2112"]
[Result "0-1"]
[Round "01"]
[TimeControl "180+1"]
[Date "2022.08.18"]
[WhiteClock "0:00:00"]
[BlackClock "0:00:00"]

1. d4 Nf6 2. c4 e6 3. Nf3 d5 4. Nc3 Be7 5. cxd5 exd5 6. Bg5 c6 7. Qc2 O-O 8. e3 Bg4 9. Ne5 Bh5 10. Bd3 Bg6 11. Nxg6 hxg6 12. O-O Nbd7 13. Rab1 a5 14. a3 Re8 15. b4 axb4 16. axb4 Qc7 17. Rfc1 Bd6 18. g3 Rec8 19. b5 Qa5 20. bxc6 Rxc6 21. Qd2 Bb4 22. Rb3 Rac8 0-1


[Site "https://www.chess.com"]

[Event "Titled Tuesday Blitz August 16 Late 2022"]
[White "Rangel, Daniel"]
[Black "Korchmar, Vasiliy"]
[WhiteFideId "2124475"]
[BlackFideId "24131750"]
[WhiteElo "2225"]
[BlackElo "2370"]
[Result "0-1"]
[Round "01"]
[TimeControl "180+1"]
[Date "2022.08.18"]
[WhiteClock "0:00:00"]
[BlackClock "0:00:00"]

1. c4 c6 2. g3 d5 3. Bg2 Nf6 4. Nf3 Bg4 5. O-O e6 6. b3 Nbd7 7. Bb2 Bd6 8. d3 O-O 9. Nbd2 e5 10. Qc2 Re8 11. e4 a5 12. h3 Bh5 13. a3 h6 14. Nh4 Nc5 15. Nf5 Be2 16. Rfe1 Bxd3 17. Qc1 Nfxe4 18. Nxe4 Bxe4 19. Bxe4 Nxe4 20. Qd1 Bf8 21. Rxe4 dxe4 22. Qg4 Qg5 23. Qxe4 g6 24. Ne3 Rad8 25. h4 Qh5 26. Re1 Rd2 27. Bc3 Re2 28. Rxe2 Qxe2 29. Bxa5 Bxa3 30. Bc3 Bc5 31. Kg2 Bxe3 32. Qxe3 Qxe3 33. fxe3 f6 0-1


[Site "https://www.chess.com"]

[Event "Titled Tuesday Blitz August 16 Late 2022"]
[White "Rasulov, Vugar"]
[Black "Wadsworth, Matthew J"]
[WhiteFideId "13402390"]
[BlackFideId "415804"]
[WhiteElo "2509"]
[BlackElo "2294"]
[Result "1-0"]
[Round "01"]
[TimeControl "180+1"]
[Date "2022.08.16"]
[WhiteClock "0:02:15"]
[BlackClock "0:01:20"]

1. d4 Nf6 2. Nf3 c5 3. d5 e6 4. c4 d6 5. Nc3 exd5 6. cxd5 g6 7. Bf4 a6 8. a4 Bg7 9. e3 O-O 10. Be2 Qe7 11. O-O Nbd7 12. Nd2 Nh5 13. Bxh5 gxh5 14. Qxh5 Ne5 15. h3 Rb8 16. Nde4 f5 17. Ng5 Bf6 18. Rad1 Ng6 19. Rfe1 Nxf4 20. exf4 Qg7 21. Ne6 Bxe6 22. dxe6 Bxc3 23. bxc3 Qe7 24. Rd5 Rf6 25. Rxf5 Rxe6 26. Qg4+ Kh8 27. Rxe6 Qxe6 28. Rf8+ 1-0


[Site "https://www.chess.com"]

[Event "Titled Tuesday Blitz August 16 Late 2022"]
[White "Reprintsev, Alexander"]
[Black "Ibarra Jerez, Jose Carlos"]
[WhiteFideId "14100541"]
[BlackFideId "2226332"]
[WhiteElo "2108"]
[BlackElo "2628"]
[Result "0-1"]
[Round "01"]
[TimeControl "180+1"]
[Date "2022.08.16"]
[WhiteClock "0:00:06"]
[BlackClock "0:00:58"]

1. e4 c5 2. b3 g6 3. Bb2 Nf6 4. e5 Nd5 5. Nc3 Nc7 6. d4 cxd4 7. Qxd4 Nc6 8. Qe3 Bg7 9. Nf3 O-O 10. O-O-O a6 11. h4 h5 12. Ne4 Ne6 13. Bc4 Qa5 14. Kb1 b5 15. Bxe6 dxe6 16. Nc5 Nb4 17. a3 Nd5 18. Qd2 b4 19. Na4 Rb8 20. axb4 Rxb4 21. c4 Nb6 22. Nxb6 Qxb6 23. Nd4 Bxe5 24. Ba3 Rxc4 25. Ka2 Rxd4 0-1


[Site "https://www.chess.com"]